cohdb
Replays
Latest Replays
All Replays
Popular Replays
Top Player Replays
Match Explorer
How It Works
Community
CoH3 Stats
Reddit
Sign in to upload your games and track your stats! →
Sign in with Steam
Match 41265025
Unlisted
Match 41265025
Overview
Messages
Build Orders
End
Kradschützen Motorcycle Team
Panzergrenadier Squad
Selects Armored Support Battlegroup
Panzergrenadier Squad
250 Light Carrier
Construct Light Support Kompanie
Fire Support Elements
Combat Half-tracks
Vehicle Survival Package
Assault Mechanized Group
Selects Veteran Gunners
Flakvierling Half-track
Tungsten Core Ammunition
Pak 38 Anti-tank Gun Team
Construct Panzerarmee Kommand
Selects Salvage Kits
MG34 Team
Panzer III L Medium Tank
Rapid Advance
Selects Panzer Storm
Panzer III L Medium Tank
Panzergrenadier Squad
Emergency Repair Kits
Panzer III L Medium Tank
Armored Reserves
Panzer III L Medium Tank
(502) Bad Gateway
I Hate Some People
0
0
Comments
sign in to comment!
No comments posted yet!